[Event "*** SCC Grand Prix: Titled Tuesday Blitz"]
[Site "Chess.com"]
[Date "2020.09.29"]
[Round "4"]
[White "VladaSviridova"]
[Black "Nachsueb"]
[Result "0-1"]
[WhiteElo "2254"]
[BlackElo "2009"]
[TimeControl "180+1"]
[EndTime "10:38:48 PDT"]
[Termination "Nachsueb won on time"]

1. d4 Nf6 2. c4 c5 3. d5 e6 4. Nc3 exd5 5. cxd5 d6 6. e4 g6 7. Bd3 Bg7 8. h3 O-O 9. Nf3 Re8 10. O-O c4 11. Bxc4 Nxe4 12. Nxe4 Rxe4 13. Bd3 Re8 14. Re1 Nd7 15. Bg5 f6 16. Bd2 Ne5 17.
Nxe5 fxe5 18. Qf3 Rf8 19. Qg3 Qb6 20. Bc3 Bf5 21. Bc4 Rac8 22. Bb3 Bd7 23. h4 Rf4 24. h5 Rg4 25. Qe3 Qxe3 26. Rxe3 gxh5 27. a3 Bh6 28. Rf3 Rf8 29. Rxf8+ Kxf8 30. Bb4 Ke7 31. Bd1 Rg5 32. Bf3 Bg4 33. Be4 Bf5 34. Bxf5 Rxf5 35. Rd1 e4 36. Rd4 Re5 37. Rc4 Kd7 38. Kf1 e3 39. fxe3 Bxe3 40. Rh4 Rxd5 41. Re4 Bb6 42. Rf4 Ke6 43. Re4+ Re5 44.
Rf4 Rf5 45. Rxf5 Kxf5 46. Bxd6 Bd4 47. b4 b5 48. Bb8 a6 0-1

[Event "*** SCC Grand Prix: Titled Tuesday Blitz"]
[Site "Chess.com"]
[Date "2020.09.29"]
[Round "4"]
[White "Pultis"]
[Black "BogdanDeac"]
[Result "1-0"]
[WhiteElo "2737"]
[BlackElo "2893"]
[TimeControl "180+1"]
[EndTime "10:38:49 PDT"]
[Termination "Pultis won on time"]

1. Nf3 d5 2. e3 g6 3. c4 e6 4. Nc3 Bg7 5. d4 Ne7 6. Be2 O-O 7. O-O b6 8. b3 dxc4 9. bxc4 c5 10.
Ba3 Bb7 11. Rc1 Nd7 12. Qb3 Nc6 13. Rfd1 Na5 14. Qb5 Qc8 15. d5 exd5 16. Nxd5 Re8 17. Qb1 Nf6 18. Bb2 Bxd5 19. cxd5 Rd8 20. Qa1 Ne8 21. Bxg7 Nxg7 22. Ne5 h5 23. e4 Qc7 24. f4 Ne8 25. Bf3 Nd6 26. Qc3 Re8 27. a4 Rad8 28. Re1 Qe7 29. Rcd1 Qc7 30. g3 c4 31. g4 Qc5+ 32.
Kg2 h4 33. g5 Rxe5 34. fxe5 Ne8 35. e6 fxe6 36. Bg4 Ng7 37. Rf1 1-0

[Event "*** SCC Grand Prix: Titled Tuesday Blitz"]
[Site "Chess.com"]
[Date "2020.09.29"]
[Round "4"]
[White "jens1102"]
[Black "MarkoPe"]
[Result "1-0"]
[WhiteElo "2380"]
[BlackElo "2146"]
[TimeControl "180+1"]
[EndTime "10:38:49 PDT"]
[Termination "jens1102 won on time"]

1. c4 e5 2. Nc3 Nf6 3. Nf3 Nc6 4. g3 d5 5. cxd5 Nxd5 6. Bg2 Nb6 7. Rb1 Be7 8. b4 a6 9. a4 f6 10. b5 axb5 11.
axb5 Nd4 12. e3 Nxf3+ 13. Qxf3 O-O 14. O-O Ra7 15. d4 exd4 16. Rd1 dxc3 17. Rxd8 Rxd8 18. Qe2 Be6 19. Qc2 Ra2 20. Qe4 Rd1+ 21. Bf1 Bc4 22. Ba3 c2 23. Qxe7 h6 24. Qe8+ Kh7 25. Qe4+ Kg8 26. Qxc2 Rxc2 27. Rxd1 Bxf1 28. Kxf1 Nc4 29.
Rd8+ Kf7 30. Bb4 Ke6 31. e4 Ne5 32. Re8+ Kf7 33. Re7+ Kg6 34. Be1 Nd3 35. Rd7 Ne5 36. Rd5 Rc1 37. Ke2 Rc2+ 38. Bd2 1-0

[Event "*** SCC Grand Prix: Titled Tuesday Blitz"]
[Site "Chess.com"]
[Date "2020.09.29"]
[Round "4"]
[White "LawrenceTrent"]
[Black "JonahWillow"]
[Result "0-1"]
[WhiteElo "2509"]
[BlackElo "2751"]
[TimeControl "180+1"]
[EndTime "10:38:51 PDT"]
[Termination "JonahWillow won by resignation"]

1. d4 Nf6 2. Nc3 d5 3. Bf4 e6 4. e3 Bd6 5. Qf3 O-O 6. Bd3 c5 7. dxc5 Bxc5 8. O-O-O Nc6 9. Bg5 Be7 10. Nge2 Ne5 11.
Qf4 Nxd3+ 12. Rxd3 Qa5 13. h4 b5 14. Nd4 Bd7 15. Nb3 Qb6 16. e4 h6 17. Bxf6 Bxf6 18.
exd5 Bxc3 19. Rxc3 exd5 20. Rd1 b4 21. Rcd3 Be6 22.
Qd4 Qd6 23. Rg3 g6 24. h5 g5 25. Re1 Kh7 26. Rge3 Rae8 27. Qxa7 Ra8 28. Qc5 Qf4 29. Kb1 Qxf2 30. g3 Rfc8 31. Qxb4 Qxc2+ 32. Ka1 Rcb8 33. Qc3 Rxa2+ 34. Kxa2 Ra8+ 35. Na5 d4+ 36. Rxe6 dxc3 0-1

[Event "*** SCC Grand Prix: Titled Tuesday Blitz"]
[Site "Chess.com"]
[Date "2020.09.29"]
[Round "4"]
[White "RobertoJBM"]
[Black "AlexSuv"]
[Result "1-0"]
[WhiteElo "2718"]
[BlackElo "2506"]
[TimeControl "180+1"]
[EndTime "10:38:51 PDT"]
[Termination "RobertoJBM won by resignation"]

1. d4 Nf6 2. c4 e6 3. Nc3 Bb4 4. Qc2 O-O 5. a3 Bxc3+ 6. Qxc3 b6 7. Bg5 Bb7 8. e3 h6 9. Bh4 d6 10. Ne2 g5 11. Bg3 Ne4 12. Qc2 f5 13. f3 Nxg3 14. hxg3 Kg7 15. Nc3 Nd7 16. O-O-O Qf6 17. Kb1 a6 18.
Bd3 e5 19. d5 Nc5 20. Be2 a5 21. b3 Bc8 22. Qb2 Bd7 23. f4 exf4 24. exf4 g4 25. Rhe1 Rfe8 26. Bf1 a4 27. b4 Nb3 28. Na2 Qxb2+ 29.
Kxb2 Kf6 30. Nc3 h5 31. Bd3 Re7 32. Rxe7 Kxe7 33. Re1+ Kf6 34. Bc2 Rh8 35. Bxb3 axb3 36. Kxb3 h4 37. gxh4 Rxh4 38. g3 Rh3 39. Re3 Rh2 40.
a4 Rh8 41. Nb5 Bxb5 42. cxb5 Kf7 43. a5 Ra8 44. a6 Kf6 45. Kc4 Kf7 46. Kd4 Rd8 47.
Rc3 Rc8 48. a7 Kf6 49. Rxc7 Rxc7 50. a8=Q 1-0

[Event "*** SCC Grand Prix: Titled Tuesday Blitz"]
[Site "Chess.com"]
[Date "2020.09.29"]
[Round "4"]
[White "night_player"]
[Black "PlotnikovPavel"]
[Result "0-1"]
[WhiteElo "2043"]
[BlackElo "2369"]
[TimeControl "180+1"]
[EndTime "10:38:51 PDT"]
[Termination "PlotnikovPavel won by resignation"]

1. e4 e5 2. Nf3 Nc6 3. Bb5 a6 4.
Ba4 Nf6 5. O-O Nxe4 6. Re1 Nc5 7.
Nxe5 Nxe5 8. Rxe5+ Ne6 9. d4 Be7 10. d5 Nc5 11. Qe2 Nxa4 12. b3 Nc5 13. c4 d6 14. Re3 Bf5 15. Bb2 f6 16. Nc3 Kf7 17.
Re1 Re8 18. Qf3 Bg6 19. h4 Nd3 20. Rxd3 Bxd3 21. Qxd3 g6 22. Ne4 f5 23. Qc3 Rg8 24.
Ng5+ Bxg5 25. hxg5 Qxg5 26. Re6 Rae8 27. Qe1 Qd8 28. Qe3 g5 29. Qd3 Rxe6 30. dxe6+ Kxe6 31. Qd5+ Ke7 32. Qxf5 Qf8 33. Qe4+ Kd7 34. Qxb7 Qf5 35. Kh2 g4 36. Qxa6 Re8 37. Qa4+ Ke7 38. Qc6 Kf8 39.
Qd5 Qxd5 40. cxd5 Re2 41. Bd4 Rxa2 42. b4 Rd2 43. Be3 Rxd5 44. Bh6+ Kf7 45. Kg3 Kg6 46. Be3 h5 47. Kf4 Rb5 48. Bd2 Rf5+ 49. Ke4 Rxf2 50. Be3 Rxg2 0-1

[Event "*** SCC Grand Prix: Titled Tuesday Blitz"]
[Site "Chess.com"]
[Date "2020.09.29"]
[Round "4"]
[White "AttilaTurzo"]
[Black "artichaud"]
[Result "0-1"]
[WhiteElo "2426"]
[BlackElo "2207"]
[TimeControl "180+1"]
[EndTime "10:38:51 PDT"]
[Termination "artichaud won by resignation"]

1. e4 d6 2. d4 Nf6 3. Nc3 c6 4. Be3 Nbd7 5. f3 e5 6. Nge2 b5 7. Qd2 Bb7 8. O-O-O h5 9. Kb1 b4 10. Na4 Qa5 11. b3 d5 12. dxe5 Nxe5 13. exd5 Nxd5 14.
Bd4 Bd6 15. Qg5 Ng6 16. Bxg7 Nc3+ 17. Bxc3 Qxg5 18. Bxh8 O-O-O 19. Bb2 Be5 20. Rxd8+ Kxd8 21. Nc1 Qd2 22. Nc5 Bc8 23. Ne4 Qe1 24. Bxe5 Nxe5 25. g3 Qe3 26. Bg2 Nxf3 27. Rd1+ Ke7 28. Nd2 Nxd2+ 29.
Rxd2 Qxd2 30. Be4 Be6 31. Nd3 Qxh2 32. Kb2 a5 33. Bxc6 Qxg3 34. Be4 h4 35. Bc6 h3 36. Be4 0-1

[Event "*** SCC Grand Prix: Titled Tuesday Blitz"]
[Site "Chess.com"]
[Date "2020.09.29"]
[Round "4"]
[White "ZarinaShafigullina"]
[Black "Rogarcia1"]
[Result "1-0"]
[WhiteElo "2344"]
[BlackElo "2091"]
[TimeControl "180+1"]
[EndTime "10:38:51 PDT"]
[Termination "ZarinaShafigullina won on time"]

1. d4 d5 2. Nf3 Nf6 3. g3 c5 4. Bg2 cxd4 5. O-O h6 6. Nxd4 e5 7. Nf3 Nc6 8. c4 Be6 9. cxd5 Nxd5 10. Qa4 Qc7 11. Rd1 Rd8 12. e4 Nb6 13. Rxd8+ Qxd8 14. Qc2 Nb4 15. Qd2 Qc7 16. Nc3 Nc4 17. Qe2 Be7 18. b3 Nb6 19. Bb2 O-O 20. Rc1 Qb8 21. a3 Nc6 22. Nd5 Nxd5 23. exd5 Bxd5 24. Nxe5 Bxg2 25. Kxg2 Nxe5 26. Bxe5 Bd6 27. Bb2 Re8 28. Qd3 Be5 29.
Bxe5 Qxe5 30. Rc4 Qe7 31. Qf3 b6 32. a4 Rd8 33. h4 Rd6 34. Rc8+ Kh7 35. Qf5+ g6 36.
Qf3 Rf6 37. Qd5 1-0

[Event "*** SCC Grand Prix: Titled Tuesday Blitz"]
[Site "Chess.com"]
[Date "2020.09.29"]
[Round "4"]
[White "AleksibFan"]
[Black "Shuvalov"]
[Result "0-1"]
[WhiteElo "2582"]
[BlackElo "2437"]
[TimeControl "180+1"]
[EndTime "10:38:52 PDT"]
[Termination "Shuvalov won on time"]

1. d4 Nf6 2. Bg5 d5 3. Bxf6 exf6 4. e3 Bf5 5. g3 c6 6. Bg2 Bd6 7. Ne2 O-O 8. O-O Re8 9. b3 Nd7 10. c4 Be4 11. Nbc3 Bxg2 12. Kxg2 dxc4 13. bxc4 f5 14. Rb1 Rb8 15. Qd3 g6 16. Rb3 Bf8 17. Qc2 Nb6 18. c5 Nd5 19. Rfb1 Re7 20. Qd3 h5 21. Qc4 Nf6 22. h4 Ng4 23. Qd3 Bh6 24. Nd1 Qd5+ 25. Kg1 Qf3 26. d5 Nxf2 27. Nxf2 Rxe3 28. Qd1 Qxe2 29.
Qxe2 Rxe2 30. dxc6 Be3 31. Rxb7 Bxf2+ 32. Kf1 Rbe8 33. c7 Bxg3 34. c8=Q Rf2+ 0-1

[Event "*** SCC Grand Prix: Titled Tuesday Blitz"]
[Site "Chess.com"]
[Date "2020.09.29"]
[Round "4"]
[White "korkmaz16"]
[Black "Quiet_Desperation"]
[Result "0-1"]
[WhiteElo "2348"]
[BlackElo "2027"]
[TimeControl "180+1"]
[EndTime "10:38:52 PDT"]
[Termination "Quiet_Desperation won by resignation"]

1. e4 e6 2. d3 d5 3. Nd2 c5 4. Ngf3 Nc6 5. g3 Nge7 6. Bg2 g6 7. O-O Bg7 8. Re1 O-O 9. c3 h6 10. h4 e5 11. exd5 Nxd5 12. Nc4 Re8 13. Bd2 Bg4 14. Qc1 Kh7 15. Ne3 Nxe3 16. Rxe3 f5 17. Qc2 f4 18. Re2 Qf6 19. Rf1 Rad8 20. Bc1 Bf5 21.
Ne1 c4 22. Be4 cxd3 23. Nxd3 Bxe4 24. Rxe4 Qf5 25. Rfe1 Qh3 26. Bxf4 exf4 27. Rxe8 fxg3 28. fxg3 Qxg3+ 29. Kf1 Rxd3 30. Qg2 Rf3+ 31. Kg1 Qf4 32. R8e4 Qf5 33. Rg4 Ne5 34. Rg3 Rf4 35. Qh3 Nf3+ 36.
Kg2 Nxe1+ 37. Kh1 Rf1+ 38. Kh2 Qf2+ 39. Rg2 Qxg2+ 40. Qxg2 Nxg2 41. Kxg2 Rb1 0-1

[Event "*** SCC Grand Prix: Titled Tuesday Blitz"]
[Site "Chess.com"]
[Date "2020.09.29"]
[Round "4"]
[White "Trovita84"]
[Black "Leo_C"]
[Result "0-1"]
[WhiteElo "1971"]
[BlackElo "2276"]
[TimeControl "180+1"]
[EndTime "10:38:52 PDT"]
[Termination "Leo_C won by resignation"]

1. e4 c6 2. d4 d5 3. e5 c5 4. Nf3 cxd4 5. Qxd4 Nc6 6. Qd1 Bg4 7. Bf4 e6 8. c3 Nge7 9. Bd3 Ng6 10. Bxg6 hxg6 11.
h3 g5 12. Bg3 Qb6 13. Nbd2 f6 14. exf6 gxf6 15. O-O Bf5 16. Qb3 Qa6 17. Rfe1 Bc5 18.
Qxd5 Be7 19. Qb3 O-O-O 20. Nd4 Nxd4 21. cxd4 Bd6 22. Bxd6 Qxd6 23. Rac1+ Kb8 24. Ne4 Qxd4 25. Nc5 b6 26. Nxe6 Bxe6 27. Qxe6 g4 28. hxg4 Qf4 29. Qe7 Qh2+ 30. Kf1 Rd2 31. Qc7+ Qxc7 32. Rxc7 Kxc7 0-1

[Event "*** SCC Grand Prix: Titled Tuesday Blitz"]
[Site "Chess.com"]
[Date "2020.09.29"]
[Round "4"]
[White "dyziotomi99"]
[Black "denispopov"]
[Result "1-0"]
[WhiteElo "2457"]
[BlackElo "1965"]
[TimeControl "180+1"]
[EndTime "10:38:53 PDT"]
[Termination "dyziotomi99 won on time"]

1. d4 Nf6 2. c4 g6 3. f3 Nh5 4. e4 e5 5. Be3 Bg7 6. Ne2 d6 7. Nbc3 Nc6 8. d5 Ne7 9. Qd2 f5 10. O-O-O f4 11. Bf2 b6 12. Kb1 a5 13.
g4 Nf6 14. Nb5 h5 15. gxh5 Rxh5 16. Nec3 Kf7 17. h4 Rh7 18. Rg1 Nh5 19. Bd3 Bf6 20.
Rg2 Bd7 21. Rdg1 Qc8 22. Bxb6 Bxb5 23. Nxb5 Qd7 24. Bxc7 Nc8 25. Bxa5 Ng3 26. Bb4 Bxh4 27. a4 Rxa4 28. b3 Ra8 29. Qc3 Bd8 30. c5 dxc5 31. Bxc5 Rb8 32. Qxe5 Rxb5 33. Qxf4+ Bf6 34. Bd4 Nf5 35.
Bxf6 1-0

[Event "*** SCC Grand Prix: Titled Tuesday Blitz"]
[Site "Chess.com"]
[Date "2020.09.29"]
[Round "4"]
[White "Xeniya2005"]
[Black "HouseOfDurin"]
[Result "1-0"]
[WhiteElo "2379"]
[BlackElo "2133"]
[TimeControl "180+1"]
[EndTime "10:38:53 PDT"]
[Termination "Xeniya2005 won by resignation"]

1. e4 c5 2. Be2 Nc6 3. f4 g6 4. Nf3 Bg7 5. O-O e5 6. fxe5 Nxe5 7. c3 d5 8. Nxe5 Bxe5 9. d4 cxd4 10. cxd4 Qb6 11.
Be3 Ne7 12. Nc3 Bg7 13. e5 O-O 14. b3 Be6 15. Qd2 Rac8 16. Rac1 Qa5 17. Kh1 Nf5 18. Bf2 a6 19. Rc2 Rc6 20. Rfc1 Rfc8 21. h3 Qc7 22. Bf3 Ne7 23. Be3 Bf5 24. Nxd5 Nxd5 25. Rxc6 bxc6 26. Bxd5 Bd7 27. Bf3 Rd8 28. Qf2 Qa5 29. Bxc6 Bxc6 30. Rxc6 Qd5 31. Rc5 Qe4 32. Kh2 h5 33. Rc7 Bxe5+ 34.
dxe5 Qxe5+ 35. Qf4 Qxf4+ 36. Bxf4 Rd2 37. Bxd2 Kg7 38.
a4 h4 39. b4 a5 40. b5 g5 41. b6 Kg6 42. b7 f6 43. b8=Q g4 44. Qg8+ Kf5 45.
Qxg4+ Ke5 46. Re7+ Kd6 47. Qe6+ Kc5 48. Rc7+ Kd4 49. Rc4+ Kd3 50. Qe4+ Kxd2 51. Rc2+ 1-0

[Event "*** SCC Grand Prix: Titled Tuesday Blitz"]
[Site "Chess.com"]
[Date "2020.09.29"]
[Round "4"]
[White "pavelalexandru07"]
[Black "jamalm2"]
[Result "1-0"]
[WhiteElo "2244"]
[BlackElo "1713"]
[TimeControl "180+1"]
[EndTime "10:38:53 PDT"]
[Termination "pavelalexandru07 won by resignation"]

1. e4 c5 2. Nf3 e6 3. d4 cxd4 4. Nxd4 a6 5. c4 Qc7 6. Nc3 Nc6 7. Be3 Nf6 8. a3 b6 9. Be2 Bb7 10. f3 Be7 11. O-O O-O 12. Qd2 d6 13. Rfc1 Rac8 14.
Nd5 exd5 15. cxd5 Nxd4 16. Rxc7 Nxe2+ 17. Qxe2 Rxc7 18. Bxb6 Rcc8 19. Qd2 Nd7 20. Bd4 Rc4 21. Rc1 Rfc8 22. Rxc4 Rxc4 23. b3 Rc7 24. g3 h6 25.
Kg2 Bf6 26. Bxf6 Nxf6 27. Qe3 Rc2+ 28. Kg1 Bc8 29. h4 Bh3 30. g4 Rg2+ 31. Kh1 Nd7 32. f4 Rxg4 33. Qxh3 h5 34. Qe3 Nc5 35. b4 Nd7 36. e5 dxe5 37. fxe5 Rxh4+ 38. Kg2 Rg4+ 39. Kf1 g5 40. e6 Nf6 41. e7 Rf4+ 42. Ke1 Kg7 43.
e8=Q Nxe8 44. Qxe8 Kf6 45. d6 Rf5 46. d7 g4 47.
d8=Q+ Kg6 48. Qd3 1-0

[Event "*** SCC Grand Prix: Titled Tuesday Blitz"]
[Site "Chess.com"]
[Date "2020.09.29"]
[Round "4"]
[White "Jospem"]
[Black "BocharovD"]
[Result "0-1"]
[WhiteElo "2959"]
[BlackElo "2789"]
[TimeControl "180+1"]
[EndTime "10:38:55 PDT"]
[Termination "BocharovD won by resignation"]

1. e4 c5 2. Nf3 e6 3. c3 d5 4.
exd5 Qxd5 5. d4 Nf6 6. Be2 Nc6 7. a3 cxd4 8. cxd4 Be7 9. Nc3 Qd6 10.
O-O O-O 11. Nb5 Qd8 12. Bf4 Nd5 13. Bg3 b6 14. Bc4 Bb7 15. Bxd5 exd5 16. Re1 Qd7 17. Rc1 Rac8 18. Nc3 Rfe8 19. b4 Bf8 20. Qd2 f6 21. Rxe8 Rxe8 22. Nd1 a5 23. b5 Nd8 24. a4 Ne6 25. Ne3 Rc8 26. h4 Bb4 27. Qb2 Kf7 28. Qb1 g6 29. Ng4 Nxd4 30. Nh6+ Kg7 31.
Nxd4 Kxh6 32. Rd1 Kg7 33. Nf3 Qf5 34. Qb2 Rc2 35. Qb3 Rc3 36. Qb2 Rxf3 37. gxf3 Qxf3 38. Rd4 Bc3 39. Qc2 Bxd4 40. Qc7+ Kh6 41. Bf4+ Kh5 42.
Qxh7+ Kg4 43. Qxg6+ Kxf4 44. Qh6+ Ke4 45. Qg6+ Qf5 46.
h5 Qxg6+ 47. hxg6 f5 0-1

[Event "*** SCC Grand Prix: Titled Tuesday Blitz"]
[Site "Chess.com"]
[Date "2020.09.29"]
[Round "4"]
[White "josorio78"]
[Black "kosya4ok"]
[Result "0-1"]
[WhiteElo "2328"]
[BlackElo "2591"]
[TimeControl "180+1"]
[EndTime "10:38:55 PDT"]
[Termination "kosya4ok won on time"]

1. Nf3 c5 2. e4 e6 3. d3 Nc6 4. g3 Nf6 5. Bg2 Be7 6. O-O d6 7. c3 O-O 8. a3 b5 9. b4 Bb7 10. Re1 a5 11. bxc5 dxc5 12. d4 Qb6 13. Bb2 Rfd8 14.
Nbd2 a4 15. Rb1 Qa5 16. Qe2 Rac8 17. Ba1 Ba6 18. d5 exd5 19. e5 Ne8 20. e6 Nd6 21.
exf7+ Nxf7 22. Bh3 Rc7 23. Be6 Rd6 24. Qe3 Nd8 25.
Bh3 Qb6 26. Qf4 Rf6 27. Qe3 Qc6 28. c4 d4 29. cxb5 dxe3 30. bxc6 exd2 31. Rxe7 Rxe7 32. Bxf6 gxf6 33. Nxd2 Nxc6 34. Nf3 Nfe5 35. Nxe5 Nxe5 36. Bg2 Bd3 37. Bd5+ Kg7 38. Rd1 c4 39. f4 Ng4 40.
Bf3 Ne3 41. Rd2 Rc7 0-1

[Event "*** SCC Grand Prix: Titled Tuesday Blitz"]
[Site "Chess.com"]
[Date "2020.09.29"]
[Round "4"]
[White "isainz"]
[Black "Martins-BR"]
[Result "0-1"]
[WhiteElo "2011"]
[BlackElo "2298"]
[TimeControl "180+1"]
[EndTime "10:38:55 PDT"]
[Termination "Martins-BR won on time"]

1. e4 c5 2. Nf3 e6 3. d4 cxd4 4. Nxd4 Nf6 5. Nc3 d6 6. Be2 a6 7. O-O Be7 8. Be3 O-O 9. a4 b6 10. Bf3 Ra7 11. a5 Rb7 12. Nb3 Nbd7 13. axb6 Nxb6 14.
Na5 Qc7 15. Nxb7 Bxb7 16. Be2 Nc4 17. Bxc4 Qxc4 18. f3 Qc7 19. Qd4 Nd7 20. Kh1 Bf6 21.
Qd2 Ne5 22. Bg1 Nc4 23. Qc1 Nxb2 24. Na4 Nc4 25. Rb1 d5 26. exd5 Bxd5 27. Nc5 Qc6 28. Nd3 a5 29. Rd1 g6 30. Nf2 Rc8 31. Ng4 Bg7 32.
Nh6+ Kf8 33. Qf4 e5 34. Qh4 f6 35. Ng4 Kg8 36. Nxf6+ Bxf6 0-1

[Event "*** SCC Grand Prix: Titled Tuesday Blitz"]
[Site "Chess.com"]
[Date "2020.09.29"]
[Round "4"]
[White "NikolaGry"]
[Black "GM_Levan_Pantsulaia"]
[Result "0-1"]
[WhiteElo "2644"]
[BlackElo "2844"]
[TimeControl "180+1"]
[EndTime "10:38:56 PDT"]
[Termination "GM_Levan_Pantsulaia won by resignation"]

1. e4 c5 2. Be2 Nc6 3. f4 d5 4. exd5 Qxd5 5. Bf3 Qd7 6. Ne2 e6 7. d3 b6 8. O-O Bb7 9. Nbc3 g6 10. b3 Bg7 11.
Bb2 Nge7 12. Qc1 O-O 13. Re1 Nf5 14. Nd1 Nh4 15. Bxg7 Nxf3+ 16. gxf3 Kxg7 17. Nf2 Nd4 18. Nxd4 cxd4 19. Ne4 Rac8 20. Re2 h6 21. Qe1 Rfe8 22.
Qh4 Qd8 23. Qf2 Re7 24. Rae1 Rec7 25. h4 Qd5 26. Kg2 Rd7 27. Ng3 Qd6 28. Re4 Bxe4 29. fxe4 Rdc7 30. Re2 Qd8 31. h5 Kh7 32. hxg6+ fxg6 33. e5 Rf7 34. Ne4 Rcc7 35. Qxd4 Qxd4 0-1

[Event "*** SCC Grand Prix: Titled Tuesday Blitz"]
[Site "Chess.com"]
[Date "2020.09.29"]
[Round "4"]
[White "SilviusTiberius"]
[Black "davigator"]
[Result "1-0"]
[WhiteElo "2628"]
[BlackElo "2351"]
[TimeControl "180+1"]
[EndTime "10:38:56 PDT"]
[Termination "SilviusTiberius won by resignation"]

1. e4 c5 2. Nf3 Nc6 3. d4 cxd4 4. Nxd4 Nf6 5. Nc3 d6 6. Bg5 a6 7. Qd2 e6 8. O-O-O Bd7 9. f3 Qc7 10. h4 Ne5 11. Kb1 b5 12. a3 Rb8 13. h5 Nc4 14. Bxc4 bxc4 15. Ka1 h6 16. Be3 Qb7 17. Rb1 d5 18. e5 Ng8 19. f4 Qc7 20. g4 Bc5 21. f5 Ne7 22. fxe6 fxe6 23. Rhf1 Rb7 24.
Qf2 Qxe5 25. Rbe1 Qd6 26. Qf7+ Kd8 27. Qxg7 Rg8 28. Rf8+ Rxf8 29. Qxf8+ Be8 30. Bf4 e5 31. Bxe5 Qb6 32. Ne6+ Kd7 33. Nxc5+ Qxc5 34. Bf6 Kd8 35. Rxe7 Rxe7 36. Nxd5 Kd7 37. Qxe7+ Qxe7 38. Nxe7 Ke6 39. Ng8 Kf7 40. Nxh6+ Kxf6 41. Ng8+ Kg5 42. h6 Bg6 43. Kb1 Bh7 44. Ne7 Kxh6 45. Nd5 Kg5 46. Ne3 Bg8 47.
Kc1 Kf4 48. Kd2 Kf3 49. g5 Ke4 50. Ng4 Kf5 51. Nh6+ Kxg5 52. Nxg8 Kf5 53. Ne7+ Ke6 54. Kc3 Kxe7 55. Kxc4 Kd6 56. Kb4 Kc6 57. Ka5 Kb7 58.
b4 Ka7 59. c4 Kb7 60. b5 axb5 61. cxb5 Ka7 62. b6+ Kb7 63. Kb5 Kb8 64. Kc6 Kc8 65. b7+ Kb8 66. a4 Ka7 67. Kc7 1-0

[Event "*** SCC Grand Prix: Titled Tuesday Blitz"]
[Site "Chess.com"]
[Date "2020.09.29"]
[Round "4"]
[White "youngKID"]
[Black "OhanyanEminChess"]
[Result "1-0"]
[WhiteElo "2775"]
[BlackElo "2511"]
[TimeControl "180+1"]
[EndTime "10:38:57 PDT"]
[Termination "youngKID won by resignation"]

1. e4 e5 2. Nf3 Nc6 3. Bb5 f5 4. Nc3 fxe4 5. Nxe4 Nf6 6. Qe2 Qe7 7. Nxf6+ gxf6 8.
O-O d5 9. d4 e4 10. Nh4 f5 11.
g3 Bg7 12. Qh5+ Qf7 13. Qxf7+ Kxf7 14. Bxc6 bxc6 15. Be3 c5 16. dxc5 Bxb2 17. Rab1 Bf6 18. Ng2 d4 19. Bf4 Ba6 20. Rfe1 c6 21. Bd6 d3 22.
cxd3 exd3 23. Nf4 Rhe8 24. Red1 Re2 25. Nxd3 Bxd3 26. Rxd3 Rxa2 27. Rb7+ Kg6 28. Rc7 Re8 29. Rxc6 a5 30. Bf4 a4 31. Rdd6 Rf8 32. Be5 a3 33. Bxf6 Kh5 34. h3 f4 35. g4+ Kg6 36. Be5+ Rf6 37. Rxf6+ Kg7 38. Rc7+ 1-0

[Event "*** SCC Grand Prix: Titled Tuesday Blitz"]
[Site "Chess.com"]
[Date "2020.09.29"]
[Round "4"]
[White "daro94"]
[Black "TST2014"]
[Result "1-0"]
[WhiteElo "2936"]
[BlackElo "2560"]
[TimeControl "180+1"]
[EndTime "10:38:58 PDT"]
[Termination "daro94 won by resignation"]

1. e4 c5 2. Nf3 Nc6 3. Nc3 d6 4. Bb5 e5 5. d3 Be7 6. O-O Nf6 7.
Nd5 O-O 8. Nxe7+ Qxe7 9. c3 a6 10.
Ba4 b5 11. Bc2 Bb7 12. Nh4 Bc8 13. Qf3 Ne8 14. Qg3 f6 15. f4 exf4 16. Bxf4 g5 17. Nf5 Bxf5 18. exf5 Kh8 19. Bd2 d5 20. Rae1 Qd6 21.
Re6 Qxg3 22. hxg3 Ne5 23. Bxg5 Nxd3 24. Bh6 Nc7 25. Re7 Rg8 26. Bxd3 Rxg3 27. Rxc7 Rxd3 28. Bg7+ Kg8 29. Bxf6 Re8 30. Rg7+ Kf8 31. Rxh7 Re2 32. Bh4 Rdd2 33. Rf2 Rxb2 34. Rxe2 Rxe2 35. Rd7 Re4 36. g3 Rc4 37. f6 Rxc3 38. Kg2 d4 39. Bg5 Rc2+ 40.
Kh3 Rf2 41. Kg4 b4 42. Kh5 a5 43. Kg6 Ke8 44. Rd5 a4 45. Bf4 b3 46. f7+ Ke7 47. Re5+ Kd7 48. f8=Q bxa2 49. Qe7+ Kc6 50. Rxc5+ Kb6 51.
Qc7+ 1-0

[Event "*** SCC Grand Prix: Titled Tuesday Blitz"]
[Site "Chess.com"]
[Date "2020.09.29"]
[Round "4"]
[White "FM_VS99"]
[Black "vpsetter"]
[Result "0-1"]
[WhiteElo "2380"]
[BlackElo "2617"]
[TimeControl "180+1"]
[EndTime "10:38:58 PDT"]
[Termination "vpsetter won by resignation"]

1. Nf3 d5 2. g3 c5 3. Bg2 Nc6 4. d4 Bg4 5. Ne5 Bh5 6. Nxc6 bxc6 7. dxc5 Qa5+ 8. Bd2 Qxc5 9. O-O Nf6 10. Be3 Qb5 11.
c4 Qxc4 12. Na3 Qa6 13. Re1 e5 14. Nc2 Rb8 15. b3 Bd6 16. Bg5 Nd7 17. Ne3 Bb4 18. Nf5 O-O 19. Bd2 Rfe8 20. Bxb4 Rxb4 21. Qd2 Qb6 22. e4 Bg6 23. Nd6 Re6 24. Nc4 dxc4 25. Qxd7 h5 26. bxc4 Rxc4 27. Rac1 Rxc1 28. Rxc1 Qd4 29.
Qc8+ Kh7 30. Re1 c5 31. Qa6 Rxa6 32. Rf1 Rxa2 0-1

[Event "*** SCC Grand Prix: Titled Tuesday Blitz"]
[Site "Chess.com"]
[Date "2020.09.29"]
[Round "4"]
[White "QuintilianoR"]
[Black "Eliwood44"]
[Result "1-0"]
[WhiteElo "2621"]
[BlackElo "2424"]
[TimeControl "180+1"]
[EndTime "10:38:58 PDT"]
[Termination "QuintilianoR won on time"]

1. e4 e5 2. Nf3 Nc6 3. Bc4 Nf6 4.
d3 h6 5. c3 d6 6. a4 g6 7.
Nbd2 Bg7 8. Nf1 O-O 9. Ne3 Ng4 10. h3 Nxe3 11. Bxe3 Kh7 12. h4 Bg4 13. Ng5+ Qxg5 14. hxg5 Bxd1 15. gxh6 Bh8 16. Kxd1 Ne7 17. Kc2 c6 18. a5 d5 19. Bb3 a6 20. Bc5 Rfe8 21. Ra4 Rad8 22. f3 Ng8 23. g4 Bf6 24. Be3 Rd7 25. g5 Bd8 26. Bd2 Bc7 27. Rh4 Ne7 28. f4 dxe4 29. Rxe4 Nf5 30. Rh3 Bxa5 31. fxe5 Bc7 32.
d4 c5 33. e6 fxe6 34. Rxe6 Rxe6 35. Bxe6 Re7 36. Bxf5 gxf5 37. dxc5 Be5 38. Re3 Kg6 39.
Re1 1-0

[Event "*** SCC Grand Prix: Titled Tuesday Blitz"]
[Site "Chess.com"]
[Date "2020.09.29"]
[Round "4"]
[White "theblitzchamp"]
[Black "Tactictic"]
[Result "0-1"]
[WhiteElo "2624"]
[BlackElo "2439"]
[TimeControl "180+1"]
[EndTime "10:38:59 PDT"]
[Termination "Tactictic won on time"]

1. e4 c5 2. Nf3 d6 3. d4 cxd4 4.
Nxd4 Nf6 5. Nc3 a6 6. Bc4 e6 7. Bb3 b5 8. Bg5 Be7 9. Qf3 Qb6 10. O-O-O O-O 11. Rhe1 Nc6 12. Nxc6 Qxc6 13. Kb1 Bb7 14. Qg3 Rfd8 15. f3 a5 16. a3 b4 17. axb4 axb4 18.
Na2 Qc5 19. Qh4 Ba6 20. Rd2 Bc4 21. Be3 Qc7 22. Rd4 Bxb3 23. cxb3 Qa5 24. Nc1 Rdc8 25. Rc4 d5 26. Rxc8+ Rxc8 27. e5 Ra8 28. exf6 Qa1+ 29. Kc2 Bxf6 30. Qf2 Qxb2+ 31. Kd1 Qc3 32. Qd2 Qc6 33.
Qxb4 Bc3 0-1

[Event "*** SCC Grand Prix: Titled Tuesday Blitz"]
[Site "Chess.com"]
[Date "2020.09.29"]
[Round "4"]
[White "mamey78"]
[Black "MisiekZielony"]
[Result "1-0"]
[WhiteElo "2407"]
[BlackElo "2233"]
[TimeControl "180+1"]
[EndTime "10:38:59 PDT"]
[Termination "mamey78 won on time"]

1. e4 Nf6 2. e5 Nd5 3. d4 d6 4.
Bc4 Nb6 5. Bb3 dxe5 6. Qh5 e6 7. dxe5 Nc6 8. Nf3 Nd7 9. Bf4 g6 10. Qh3 h6 11. Nc3 Bg7 12. O-O-O Qe7 13. Qg4 Ndxe5 14. Nxe5 Nxe5 15. Qg3 Qc5 16. Rhe1 Nc4 17. Qd3 Nd6 18. Ne4 Qb6 19. Nxd6+ cxd6 20. Bxd6 Bd7 21. c3 O-O-O 22. Be7 Bc6 23. Bxd8 Rxd8 24. Qxd8+ Qxd8 25. Rxd8+ Kxd8 26. f3 Ke7 27. Bc2 f5 28. Bb3 Bd7 29. Kc2 g5 30. Bc4 Kd6 31. b3 Be5 32. g3 Bc6 33. f4 gxf4 34.
gxf4 Bxf4 35. Rxe6+ Kd7 36. Re2 Bd6 37. Bd3 f4 38. Be4 f3 39. Bxc6+ Kxc6 40. Rf2 Kd5 41. Kd3 Bf4 42. h3 1-0